TOP OF THE 1ST |
Birmingham Steeldogs batting - Pitching for So Cal Henvy : RHP Juan González
|
Pitching: RHP Juan González
|
|
Batting: RHB Nick Webb
|
0-0: Called Strike 0-1: Ground out 5-3 (Groundball, 5)
|
Batting: LHB Ashley Pickhills
|
0-0: Ball 1-0: Ball 2-0: Ground out 4-3 (Groundball, 4)
|
Batting: RHB Eric Johnson
|
0-0: Called Strike 0-1: Called Strike 0-2: Ball 1-2: Ball 2-2: Strikes out swinging
|
Top of the 1st over - 0 run(s), 0 hit(s), 0 error(s), 0 left on base; Birmingham 0 - So Cal 0 |
BOTTOM OF THE 1ST |
So Cal Henvy batting - Pitching for Birmingham Steeldogs : RHP Francisco Ríos
|
Pitching: RHP Francisco Ríos
|
|
Batting: LHB José Antonio Santiago
|
0-0: Called Strike 0-1: Called Strike 0-2: SINGLE (Line Drive, 56)
|
Batting: RHB William Richardson
|
0-0: Ball 1-0: Called Strike 1-1: Ball 2-1: Ball 3-1: Foul Ball, location: 2F 3-2: Foul Ball, location: 2F 3-2: DOUBLE (Line Drive, 5D) José Antonio Santiago to third
|
Batting: RHB Earl Wiggins
|
0-0: Ball 1-0: Called Strike 1-1: Called Strike 1-2: Strikes out swinging, 2-3 out at first.
|
Batting: LHB César Valentín
|
0-0: Foul Ball, location: 2F 0-1: Ground out U3 (Groundball, 3)
|
Batting: RHB Rubén Calderón
|
0-0: Ball 1-0: SINGLE (Groundball, 56D) José Antonio Santiago scores William Richardson to third Runner from 3rd tries for Home, SAFE, no throw
|
Batting: RHB Lawrence Schroeder
|
0-0: Ball 1-0: Called Strike Rubén Calderón steals 2nd base 1-1: Swinging Strike 1-2: Strikes out swinging
|
Bottom of the 1st over - 2 run(s), 3 hit(s), 0 error(s), 1 left on base; Birmingham 0 - So Cal 2 |
TOP OF THE 2ND |
Birmingham Steeldogs batting - Pitching for So Cal Henvy : RHP Juan González
|
Batting: RHB Valentín Borges
|
0-0: Ball 1-0: Called Strike 1-1: Ball 2-1: Foul Ball, location: 2F 2-2: Fly out, F9 (Flyball, 9S)
|
Batting: LHB José Hernández
|
0-0: Ball 1-0: Ball 2-0: Called Strike 2-1: Swinging Strike 2-2: SINGLE (Line Drive, 5D)
|
Batting: LHB José Martínez
|
0-0: Foul Ball, location: 2F 0-1: Grounds into double play, 3-6-3 (Groundball, 3)
|
Top of the 2nd over - 0 run(s), 1 hit(s), 0 error(s), 0 left on base; Birmingham 0 - So Cal 2 |
BOTTOM OF THE 2ND |
So Cal Henvy batting - Pitching for Birmingham Steeldogs : RHP Francisco Ríos
|
Batting: RHB Fernando Gálvez
|
0-0: Ball 1-0: Called Strike 1-1: Ball 2-1: Foul Ball, location: 2F 2-2: Ball 3-2: Foul Ball, location: 2F 3-2: Foul Ball, location: 2F 3-2: Base on Balls
|
Batting: RHB Greg Handrahan
|
0-0: SINGLE (Line Drive, 6M) Fernando Gálvez to second
|
Batting: SHB Miguel González
|
0-0: Called Strike 0-1: Called Strike 0-2: Ball 1-2: Ball 2-2: Fielders Choice at 2nd, 4-6 (Groundball, 4) Fernando Gálvez to third
|
Batting: LHB José Antonio Santiago
|
0-0: Called Strike 0-1: Fly out, F7 (Flyball, 7LS)
|
Batting: RHB William Richardson
|
0-0: Ball 1-0: Ball 2-0: DOUBLE (Line Drive, 89D) Fernando Gálvez scores Miguel González to third
|
Batting: RHB Earl Wiggins
|
0-0: Ball 1-0: Called Strike 1-1: Fly out, F5 (Popup, 56)
|
Bottom of the 2nd over - 1 run(s), 2 hit(s), 0 error(s), 2 left on base; Birmingham 0 - So Cal 3 |
TOP OF THE 3RD |
Birmingham Steeldogs batting - Pitching for So Cal Henvy : RHP Juan González
|
Batting: RHB Yujiro Kurihara
|
0-0: Foul Ball, location: 2F 0-1: Ball 1-1: Ground out 5-3 (Groundball, 56S)
|
Batting: RHB Todd Rogers
|
0-0: Called Strike 0-1: Foul Ball, location: 2F 0-2: Ball 1-2: Ball 2-2: Fly out, F8 (Line Drive, 8RM)
|
Batting: LHB John Haney
|
0-0: Called Strike 0-1: Ball 1-1: Called Strike 1-2: Foul Ball, location: 2F 1-2: Foul Ball, location: 2F 1-2: Ball 2-2: Strikes out swinging
|
Top of the 3rd over - 0 run(s), 0 hit(s), 0 error(s), 0 left on base; Birmingham 0 - So Cal 3 |
BOTTOM OF THE 3RD |
So Cal Henvy batting - Pitching for Birmingham Steeldogs : RHP Francisco Ríos
|
Batting: LHB César Valentín
|
0-0: Called Strike 0-1: Foul Ball, location: 2F 0-2: Ball 1-2: Fly out, F7 (Flyball, 7S)
|
Batting: RHB Rubén Calderón
|
0-0: Called Strike 0-1: Ball 1-1: Fly out, F3 (Popup, 3S)
|
Batting: RHB Lawrence Schroeder
|
0-0: Ball 1-0: Foul Ball, location: 2F 1-1: Foul Ball, location: 2F 1-2: Ball 2-2: Ball 3-2: Fly out, F9 (Flyball, 9D)
|
Bottom of the 3rd over - 0 run(s), 0 hit(s), 0 error(s), 0 left on base; Birmingham 0 - So Cal 3 |
TOP OF THE 4TH |
Birmingham Steeldogs batting - Pitching for So Cal Henvy : RHP Juan González
|
Batting: RHB Nick Webb
|
0-0: Ball 1-0: Ball 2-0: Called Strike 2-1: Swinging Strike 2-2: Foul Ball, location: 2F 2-2: Foul Ball, location: 2F 2-2: Foul Ball, location: 2F 2-2: Foul Ball, location: 2F 2-2: Ground out 4-3 (Groundball, 4)
|
Batting: LHB Ashley Pickhills
|
0-0: Ball 1-0: Ball 2-0: Ball 3-0: Called Strike 3-1: SINGLE (Line Drive, 34D)
|
Batting: RHB Eric Johnson
|
0-0: Ball 1-0: Called Strike 1-1: Swinging Strike 1-2: Foul Ball, location: 2F 1-2: Foul Ball, location: 2F 1-2: Foul Ball, location: 2F 1-2: Ball 2-2: Ball Ashley Pickhills steals 2nd base 3-2: SINGLE (Line Drive, 6M) Ashley Pickhills to third
|
Batting: RHB Valentín Borges
|
0-0: Called Strike 0-1: Ball 1-1: Foul Ball, location: 2F 1-2: Strikes out swinging
|
Batting: LHB José Hernández
|
0-0: Foul Ball, location: 2F 0-1: SINGLE (Groundball, 34D) Ashley Pickhills scores Eric Johnson to second Runner from 2nd tries for 3rd, SAFE, throw made to third
|
Batting: LHB José Martínez
|
0-0: Called Strike 0-1: Called Strike 0-2: Foul Ball, location: 2F 0-2: Ball 1-2: Strikes out swinging
|
Top of the 4th over - 1 run(s), 3 hit(s), 0 error(s), 2 left on base; Birmingham 1 - So Cal 3 |
BOTTOM OF THE 4TH |
So Cal Henvy batting - Pitching for Birmingham Steeldogs : RHP Francisco Ríos
|
Batting: RHB Fernando Gálvez
|
0-0: Ball 1-0: Called Strike 1-1: Foul Ball, location: 2F 1-2: Foul Ball, location: 2F 1-2: Ball 2-2: DOUBLE (Flyball, 78D)
|
Batting: RHB Greg Handrahan
|
0-0: Ball 1-0: Fly out, F8 (Flyball, 8RM)
|
Batting: SHB Miguel González
|
0-0: Called Strike 0-1: Foul Ball, location: 2F 0-2: TRIPLE (Flyball, 8RXD) Fernando Gálvez scores
|
Batting: LHB José Antonio Santiago
|
0-0: Ball 1-0: Ball 2-0: Swinging Strike 2-1: Swinging Strike 2-2: Foul Ball, location: 2F 2-2: Ball 3-2: Ground out U3 (Groundball, 34) Miguel González scores
|
Batting: RHB William Richardson
|
0-0: Ball 1-0: Ball 2-0: Ball 3-0: Base on Balls
|
Batting: RHB Earl Wiggins
|
0-0: Ball 1-0: Foul Ball, location: 2F 1-1: SINGLE (Groundball, 6MD) William Richardson to second Runner from 2nd tries for 3rd, SAFE, no throw
|
Batting: LHB César Valentín
|
0-0: Fielders Choice at 2nd, 4-6 (Groundball, 34)
|
Bottom of the 4th over - 2 run(s), 3 hit(s), 0 error(s), 1 left on base; Birmingham 1 - So Cal 5 |
TOP OF THE 5TH |
Birmingham Steeldogs batting - Pitching for So Cal Henvy : RHP Juan González
|
Pitching: LHP Tomás Fajardo
|
|
Batting: RHB Yujiro Kurihara
|
0-0: Ball 1-0: Ball 2-0: Ground out 5-3 (Groundball, 5)
|
Batting: RHB Todd Rogers
|
0-0: Ball 1-0: Foul Ball, location: 2F 1-1: Called Strike 1-2: DOUBLE (Line Drive, 9LM)
|
Batting: LHB John Haney
|
0-0: Swinging Strike 0-1: Foul Ball, location: 2F 0-2: Strikes out swinging
|
Batting: RHB Nick Webb
|
0-0: SINGLE (Groundball, 4MD) Todd Rogers to third Runner from 3rd tries for Home, SAFE, throw made home Nick Webb to second
|
Batting: LHB Ashley Pickhills
|
0-0: Called Strike 0-1: Swinging Strike 0-2: Strikes out swinging
|
Top of the 5th over - 1 run(s), 2 hit(s), 0 error(s), 1 left on base; Birmingham 2 - So Cal 5 |
BOTTOM OF THE 5TH |
So Cal Henvy batting - Pitching for Birmingham Steeldogs : RHP Francisco Ríos
|
Pitching: RHP Michel Dallaire
|
|
Batting: RHB Rubén Calderón
|
0-0: Ground out 5-3 (Groundball, 56)
|
Batting: RHB Lawrence Schroeder
|
0-0: Swinging Strike 0-1: Ball 1-1: Swinging Strike 1-2: Ball 2-2: Strikes out looking
|
Batting: RHB Fernando Gálvez
|
0-0: Swinging Strike 0-1: Ball 1-1: Ball 2-1: Ball 3-1: Called Strike 3-2: Foul Ball, location: 2F 3-2: Strikes out swinging
|
Bottom of the 5th over - 0 run(s), 0 hit(s), 0 error(s), 0 left on base; Birmingham 2 - So Cal 5 |
TOP OF THE 6TH |
Birmingham Steeldogs batting - Pitching for So Cal Henvy : LHP Tomás Fajardo
|
Batting: RHB Eric Johnson
|
0-0: Foul Ball, location: 2F 0-1: Ball 1-1: Foul Ball, location: 2F 1-2: Ball 2-2: Strikes out swinging
|
Batting: RHB Valentín Borges
|
0-0: Ground out 1-3 (Groundball, P)
|
Batting: LHB José Hernández
|
0-0: Swinging Strike 0-1: Ball 1-1: Ball 2-1: Foul Ball, location: 2F 2-2: Ball 3-2: Strikes out looking
|
Top of the 6th over - 0 run(s), 0 hit(s), 0 error(s), 0 left on base; Birmingham 2 - So Cal 5 |
BOTTOM OF THE 6TH |
So Cal Henvy batting - Pitching for Birmingham Steeldogs : RHP Michel Dallaire
|
Batting: RHB Greg Handrahan
|
0-0: Ball 1-0: Swinging Strike 1-1: Ball 2-1: Ball 3-1: Swinging Strike 3-2: Strikes out looking
|
Batting: SHB Miguel González
|
0-0: Ball 1-0: Foul Ball, location: 2F 1-1: Ball 2-1: Ball 3-1: Base on Balls
|
Batting: LHB José Antonio Santiago
|
0-0: Called Strike 0-1: 2-RUN HOME RUN (Flyball, 9D), Distance : 373 ft
|
Pitching: RHP Ken Lyons
|
|
Batting: LHB Ethan Marshall
|
0-0: Foul Ball, location: 2F 0-1: Foul Ball, location: 2F 0-2: Strikes out swinging
|
Batting: RHB Earl Wiggins
|
0-0: Called Strike 0-1: Ball 1-1: Fly out, F3 (Line Drive, 3L)
|
Bottom of the 6th over - 2 run(s), 1 hit(s), 0 error(s), 0 left on base; Birmingham 2 - So Cal 7 |
TOP OF THE 7TH |
Birmingham Steeldogs batting - Pitching for So Cal Henvy : LHP Tomás Fajardo
|
Batting: LHB José Martínez
|
0-0: Swinging Strike 0-1: Foul Ball, location: 2F 0-2: Ball 1-2: Ball 2-2: Ball 3-2: Ground out 6-3 (Groundball, 6)
|
Batting: RHB Yujiro Kurihara
|
0-0: Called Strike 0-1: Ground out 4-3 (Groundball, 4)
|
Batting: RHB Todd Rogers
|
0-0: Ball 1-0: Ball 2-0: Foul Ball, location: 2F 2-1: SINGLE (Groundball, 3D)
|
Batting: LHB John Haney
|
0-0: Called Strike 0-1: DOUBLE (Line Drive, 3D) Todd Rogers to third
|
Pinch Hitting: RHB Dave Dawson
|
0-0: Called Strike 0-1: Ball 1-1: Ball 2-1: Ball 3-1: Fly out, F7 (Line Drive, 7S)
|
Top of the 7th over - 0 run(s), 2 hit(s), 0 error(s), 2 left on base; Birmingham 2 - So Cal 7 |
BOTTOM OF THE 7TH |
So Cal Henvy batting - Pitching for Birmingham Steeldogs : RHP Ken Lyons
|
Now at SS: Jean-Paul St-Pierre
|
|
Batting: LHB César Valentín
|
0-0: Ball 1-0: Ball 2-0: Ball 3-0: Base on Balls
|
Batting: RHB Rubén Calderón
|
0-0: Ball 1-0: Fly out, F9 (Flyball, 9)
|
Pinch Hitting: LHB Paco Rivera
|
0-0: Foul Ball, location: 2F 0-1: Ball 1-1: Ball 2-1: Fly out, F5 (Line Drive, 5)
|
Pinch Hitting: RHB Júlio Caraballo
|
0-0: Swinging Strike 0-1: Ball 1-1: Fly out, F6 (Flyball, 6MD)
|
Bottom of the 7th over - 0 run(s), 0 hit(s), 0 error(s), 1 left on base; Birmingham 2 - So Cal 7 |
TOP OF THE 8TH |
Birmingham Steeldogs batting - Pitching for So Cal Henvy : LHP Tomás Fajardo
|
Now at 2B: Júlio Caraballo
|
|
Now at SS: Fernando De La Cruz
|
|
Pinch Hitting: SHB Anastasio Ortíz
|
0-0: DOUBLE (Flyball, 89M)
|
Pitching: LHP Jeff Catron
|
|
Pinch Hitting: RHB Jorge Canó
|
0-0: Ball 1-0: Ball 2-0: Ball 3-0: Base on Balls
|
Batting: RHB Valentín Borges
|
0-0: Ball 1-0: Ball 2-0: Called Strike 2-1: Called Strike 2-2: Strikes out swinging
|
Batting: LHB José Rivera
|
0-0: Ball 1-0: Swinging Strike 1-1: Ball 2-1: Ball 3-1: Called Strike 3-2: Foul Ball, location: 2F 3-2: Fly out, F8 (Flyball, 8RS)
|
Pinch Hitting: RHB José Montoya
|
0-0: Ball 1-0: Called Strike 1-1: Swinging Strike 1-2: Foul Ball, location: 2F 1-2: Strikes out looking
|
Top of the 8th over - 0 run(s), 1 hit(s), 0 error(s), 2 left on base; Birmingham 2 - So Cal 7 |
BOTTOM OF THE 8TH |
So Cal Henvy batting - Pitching for Birmingham Steeldogs : RHP Ken Lyons
|
Now at 2B: Jorge Canó
|
|
Now in LF: Orlando Aguilar
|
|
Now in RF: José Montoya
|
|
Pinch Hitting: LHB Joaquín González
|
0-0: Ball 1-0: Fly out, F9 (Flyball, 9)
|
Batting: SHB Miguel González
|
0-0: Called Strike 0-1: Ball 1-1: Ball 2-1: Ball 3-1: Ground out 6-3 (Groundball, 6M)
|
Batting: LHB José Antonio Santiago
|
0-0: Ball 1-0: SINGLE (Groundball, 34D)
|
Batting: LHB Ethan Marshall
|
0-0: Ball 1-0: Fielders Choice at 2nd, 4-6 (Groundball, 4)
|
Bottom of the 8th over - 0 run(s), 1 hit(s), 0 error(s), 0 left on base; Birmingham 2 - So Cal 7 |
TOP OF THE 9TH |
Birmingham Steeldogs batting - Pitching for So Cal Henvy : LHP Jeff Catron
|
Now in LF: Joaquín González
|
|
Pinch Hitting: RHB Vicente Carona
|
0-0: Ball 1-0: Ball 2-0: Foul Ball, location: 2F 2-1: Foul Ball, location: 2F 2-2: Foul Ball, location: 2F 2-2: Ball 3-2: Base on Balls
|
Batting: RHB Todd Rogers
|
0-0: Called Strike 0-1: 2-RUN HOME RUN (Flyball, 8LXD), Distance : 432 ft
|
Pitching: RHP Jerry Good
|
|
Batting: LHB John Haney
|
0-0: SINGLE (Groundball, 6D)
|
Batting: RHB Jean-Paul St-Pierre
|
0-0: Ball 1-0: Ball 2-0: Foul Ball, location: 2F 2-1: Foul Ball, location: 2F 2-2: Ball 3-2: Base on Balls John Haney to second
|
Batting: SHB Orlando Aguilar
|
0-0: Ball 1-0: Grounds into double play, 1-6-3 (Groundball, 13) John Haney to third
|
Batting: RHB Jorge Canó
|
0-0: Ball 1-0: SINGLE (Line Drive, 4D) John Haney scores
|
Pinch Hitting: RHB Bob Johnson
|
0-0: Ball 1-0: Called Strike 1-1: Ball 2-1: SINGLE (Flyball, 89S) Jorge Canó to second Runner from 2nd tries for 3rd, OUT!
|
Top of the 9th over - 3 run(s), 4 hit(s), 0 error(s), 1 left on base; Birmingham 5 - So Cal 7 |
|